 Dungeon Crawl Stone Soup version 0.20-a0-823-gdec668e (webtiles) character file.

487587 esteth the Archmage (level 23, -12/127 HPs)
             Began as a Deep Elf Fire Elementalist on Mar 4, 2017.
             Was the Champion of Vehumet.
             Mangled by a dire flail of protection (15 damage)
             ... on level 5 of the Vaults on Mar 6, 2017.
             The game lasted 04:17:11 (60994 turns).

esteth the Archmage (Deep Elf Fire Elementalist)   Turns: 60994, Time: 04:17:12

Health: -12/127    AC: 18    Str:  7    XL:     23   Next: 82%
Magic:  44/56      EV: 17    Int: 38    God:    Vehumet [******]
Gold:   4101       SH:  0    Dex: 13    Spells: 10/76 levels left

rFire    . . .     SeeInvis +   w - staff of conjuration
rCold    + . .     Gourm    .   R - +2 robe {rN+}
rNeg     + . .     Faith    .   (no shield)
rPois    .         Spirit   .   u - +2 helmet
rElec    .         Reflect  .   r - scarf {rC+}
rCorr    .         Harm     .   J - +2 pair of gloves of the Guardian {*Contam Regen+ Int+2}
MR       ++...                  b - +2 pair of boots
Stlth    ++........             H - amulet of magic regeneration
Regen    0.8/turn               f - +5 ring of intelligence
MPRegen  0.6/turn               P - ring of see invisible

@: no status effects
A: rugged brown scales 1, thin metallic scales 1, clumsy 1, strong 1
}: 2/15 runes: barnacled, gossamer
a: Renounce Religion


You were on level 5 of the Vaults.
You worshipped Vehumet.
Vehumet was exalted by your worship.
You were not hungry.

You visited 8 branches of the dungeon, and saw 42 of its levels.

You collected 4636 gold pieces.
You spent 535 gold pieces at shops.

Inventory:

Armour
 b - a +2 pair of boots (worn)
 r - a scarf of cold resistance (worn)
 u - a +2 helmet (worn)
 J - the +2 pair of gloves of the Guardian (worn) {*Contam Regen+ Int+2}
   (You found it on level 8 of the Dungeon)

   It affects your intelligence (+2).
   It causes magical contamination when unequipped.
   It increases your rate of regeneration.
 R - a +2 robe of positive energy (worn)
Magical Staves
 w - an uncursed staff of conjuration (weapon)
Jewellery
 a - an uncursed ring of ice
 f - a +5 ring of intelligence (right hand)
 E - an uncursed ring of fire
 F - a +4 amulet of reflection
 H - an amulet of magic regeneration (around neck)
 I - a +4 ring of intelligence
 L - an uncursed ring of protection from magic
 P - a ring of see invisible (left hand)
 S - an uncursed ring of flight
 U - an uncursed ring of magical power
Wands
 g - a wand of digging (13/24)
 C - a wand of paralysis (13/24)
 X - a wand of digging (3/24)
Scrolls
 d - 17 scrolls of remove curse
 e - 8 scrolls of teleportation
 h - 2 scrolls of silence
 i - 5 scrolls of amnesia
 k - 2 scrolls of fog
 o - a scroll of fear
 y - 8 scrolls of magic mapping
 B - a scroll of blinking
 T - 6 scrolls of identify
 V - a scroll of summoning
 W - 3 scrolls of recharging
Potions
 m - 7 potions of flight
 n - 2 potions of haste
 p - 2 potions of curing
 v - 4 potions of heal wounds
 z - 9 potions of brilliance
 N - 4 potions of mutation
 Q - 3 potions of resistance
 Z - a potion of cancellation
Books
 q - a book of Necromancy

   Spells                             Type                      Level
   a - Pain                           Necromancy                   1
   b - Animate Skeleton               Necromancy                   1
   c - Vampiric Draining              Necromancy                   3
   d - Regeneration                   Charms/Necromancy            3
   e - Animate Dead                   Necromancy                   4
   f - Control Undead                 Necromancy                   4
 t - a book of the Warp

   Spells                             Type                      Level
   a - Gell's Gravitas                Translocation                3
   b - Portal Projectile              Hexes/Translocation          3
   c - Force Lance                    Conjuration/Translocation    4
   d - Dispersal                      Translocation                6
   e - Controlled Blink               Translocation                8
   f - Disjunction                    Translocation                8
 x - a book of Clouds

   Spells                             Type                      Level
   a - Poisonous Vapours              Poison/Air                   2
   b - Mephitic Cloud                 Conjuration/Poison/Air       3
   c - Conjure Flame                  Conjuration/Fire             3
   d - Freezing Cloud                 Conjuration/Ice/Air          6
   e - Ring of Flames                 Charms/Fire                  7
 A - a book of Death

   Spells                             Type                      Level
   a - Corpse Rot                     Necromancy                   2
   b - Sublimation of Blood           Necromancy                   2
   c - Agony                          Necromancy                   5
   d - Dispel Undead                  Necromancy                   5
   e - Excruciating Wounds            Charms/Necromancy            5
   f - Bolt of Draining               Conjuration/Necromancy       5
 K - a book of Maledictions

   Spells                             Type                      Level
   a - Corona                         Hexes                        1
   b - Ensorcelled Hibernation        Hexes/Ice                    2
   c - Confuse                        Hexes                        3
   d - Tukima's Dance                 Hexes                        3
   e - Dazzling Spray                 Conjuration/Hexes            3
 O - a book of Fire

   Spells                             Type                      Level
   a - Ignite Poison                  Fire/Transmutation/Poison    3
   b - Fireball                       Conjuration/Fire             5
   c - Bolt of Fire                   Conjuration/Fire             6
   d - Ring of Flames                 Charms/Fire                  7
   e - Ignition                       Fire                         8
 Y - a book of Summonings

   Spells                             Type                      Level
   a - Recall                         Summoning/Translocation      3
   b - Aura of Abjuration             Summoning                    5
   c - Summon Demon                   Summoning                    5
   d - Summon Forest                  Summoning/Translocation      5
   e - Summon Mana Viper              Hexes/Summoning              5
   f - Shadow Creatures               Summoning                    6
Comestibles
 c - 16 bread rations
 j - 12 royal jellies
 l - 28 fruits
 G - 18 meat rations


   Skills:
 - Level 7.2 Fighting
 + Level 9.8 Armour
 - Level 8.5 Dodging
 - Level 2.4 Stealth
 O Level 27 Spellcasting
 - Level 18.5 Conjurations
 - Level 11.1 Hexes
 - Level 16.2 Translocations
 - Level 22.5 Fire Magic
 - Level 3.0 Air Magic


You had 10 spell levels left.
You knew the following spells:

 Your Spells              Type           Power        Failure   Level  Hunger
a - Flame Tongue          Conj/Fire      #####        0%          1    None
b - Sticky Flame          Conj/Fire      ########     0%          4    None
c - Fireball              Conj/Fire      ########..   0%          5    None
d - Slow                  Hex            #######.     0%          2    None
e - Passwall              Tmut/Erth      ######....   1%          2    None
f - Ignition              Fire           ########..   1%          8    None
g - Orb of Destruction    Conj           ########..   1%          7    None
h - Conjure Ball Lightni  Conj/Air       ########..   1%          6    None
i - Controlled Blink      Tloc           N/A          2%          8    None
j - Summon Butterflies    Summ           ######..     1%          1    None
k - Fire Storm            Conj/Fire      ########..   3%          9    None
l - Bolt of Fire          Conj/Fire      ########..   1%          6    None
m - Ring of Flames        Chrm/Fire      #######...   2%          7    None


Dungeon Overview and Level Annotations

Branches:
Dungeon (15/15)            Temple (1/1) D:7            Lair (6/6) D:11
 Shoals (4/4) Lair:4       Spider (4/4) Lair:3        Slime (0/5) Lair:5
    Orc (2/2) D:11            Elf (0/3) Orc:2        Vaults (5/5) D:13
  Crypt (0/3) Vaults:2     Depths (5/5) D:15            Zot (0/5) Depths:5

Altars:
Ashenzari
Cheibriados
Dithmenos
Elyvilon
Fedhas
Gozag
Hepliaklqana
Kikubaaqudgha
Makhleb
Nemelex Xobeh
Okawaru
Qazlal
Ru
Sif Muna
Trog
Uskayaw
Vehumet
Wu Jian
Xom
Yredelemnul
Zin
The Shining One

Shops:
D:11 [   Orc:2 (}**   Shoals:1 %   Vaults:1 =   Depths:2 !   Depths:5 =}=

Portals:
Hell: Depths:1 Depths:2 Depths:3 Depths:4 Depths:5
Abyss: Depths:1 Depths:4
Pandemonium: Depths:3
Ziggurat: Depths:3

Annotations:
D:10 nht's ghost, journeyman HOGl
Lair:5 exclusion: oklob plant
Depths:3 exclusion: door, Mennas


Innate Abilities, Weirdness & Mutations

You are partially covered in rugged brown scales. (AC +1, +3% HP)
You are partially covered in thin metallic scales. (AC +2)
You are clumsy. (Dex -2)
Your muscles are strong. (Str +2)


Message History

Casting: Orb of Destruction
Confirm with . or Enter, or press ? or * to list all spells.
Aiming: Orb of Destruction
Press: ? - help, Shift-Dir - straight line, f/p - crystal guardian
Aim: a crystal guardian (severely damaged)
You feel a surge of power! The dire flail of protection hits you!
The crystal guardian fires a crystalline bolt at you.
The crystal bolt burns you!
* * * LOW HITPOINT WARNING * * *
The wavering orb of destruction hits the crystal guardian.
You blow up the crystal guardian!
Vehumet accepts your kill.
You feel your power returning.
A frost giant comes into view. It is wielding a battleaxe of freezing.
The dire flail of protection misses you.
The frost giant casts a spell at you. The bolt of cold hits you! You resist.
* * * LOW HITPOINT WARNING * * *
The dire flail of protection hits you!
You die...

#....# ( #....#
. C) #....# .$
... #....###...
...W#.[[.....#
.....[[[[.[..#
###.[.(..[...##
...[..W@..[....
..[[.<.)<.[[...
...[..<<..[....
....[L...[.....
###..[[[[..####
#...[[..C.
.##[...#.#[ [#
#.:..##.#.


You could see an ancient lich, 2 frost giants, a phantasmal warrior, a freezing
wraith and a dire flail of protection.

Vanquished Creatures
  A juggernaut (Depths:4)
  Boris (Vaults:3)
  Frederick (Depths:3)
  Margery (Depths:2)
  A golden dragon (Depths:4)
  Nikola (Depths:1)
  Arachne (Spider:2)
  Jorgrun (Vaults:1)
  Rupert (Spider:1)
  2 tentacled monstrosities (Depths:4)
  Gastronok (Lair:2)
  A quicksilver dragon (Depths:4)
  2 sphinxes (Vaults:4)
  3 storm dragons
  4 tengu reavers
  Ilsuiw (Shoals:4)
  2 daevas (Depths:3)
  5 draconian monks (Depths:5)
  6 fire giants
  11 vault wardens
  3 ghost moths (Spider:4)
  2 iron dragons
  3 deep elf sorcerers
  8 frost giants
  3 emperor scorpions (Spider:4)
  An angel (Depths:3)
  The ghost of WereVolvo the Tortoise, a journeyman MiFi of Wu Jian (Lair:5)
  10 ironheart preservers
  A draconian stormcaller (Depths:5)
  A reaper (Depths:1)
  2 spriggan defenders (Depths:3)
  18 stone giants
  2 draconian annihilators (Depths:5)
  9 very ugly things
  An entropy weaver (Spider:4)
  4 green draconians (Depths:5)
  A caustic shrike skeleton (Depths:3)
  2 deep elf demonologists
  4 black draconians (Depths:5)
  2 vampire knights
  The ghost of bosm the Carver, a journeyman DsGl of Wu Jian (Lair:2)
  A dire elephant (shapeshifter) (Vaults:2)
  5 spark wasps
  2 red draconians (Depths:5)
  3 white draconians (Depths:5)
  13 ettins
  4 purple draconians (Depths:5)
  Azrael (D:14)
  A crystal guardian (Vaults:5)
  5 merfolk javelineers
  7 merfolk impalers
  9 fire dragons
  A green death (Depths:1)
  7 yaktaur captains
  5 deep elf high priests
  17 ogre magi
  18 ice dragons
  Erolcha (Orc:2)
  A rakshasa (Depths:1)
  11 great orbs of eyes
  Harold (Lair:2)
  A hydra (shapeshifter) (Depths:1)
  7 hydras
  34 vault guards
  Erica (Lair:2)
  7 merfolk avatars
  A catoblepas (Lair:2)
  16 centaur warriors
  57 two-headed ogres
  A death knight (Vaults:4)
  2 merfolk aquamancers (Shoals:4)
  An alligator snapping turtle (Shoals:4)
  5 death yaks (Lair:5)
  A dancing weapon (Vaults:5)
  8 death scarabs (Spider:4)
  A satyr (shapeshifter) (Depths:4)
  9 deep troll shamans
  2 tengu warriors
  10 deep troll earth magi
  3 vampire magi
  An orc high priest (Orc:2)
  3 spriggan berserkers
  A soul eater (Depths:1)
  Sonja (D:14)
  3 iron trolls
  A titan skeleton (Depths:2)
  6 deep elf knights
  2 spriggans (Depths:3)
  2 death drakes (Depths:5)
  2 spectral emperor scorpions (Spider:4)
  3 shadow wraiths
  14 hell knights
  An unseen horror (shapeshifter) (Depths:1)
  3 unseen horrors
  2 cherubim (Depths:3)
  4 skeletal warriors (Vaults:2)
  A spark wasp zombie (Depths:3)
  9 sea snakes
  A sea snake (shapeshifter) (Depths:4)
  5 glowing orange brains
  A golden dragon zombie (Depths:2)
  30 deep trolls
  8 wizards
  6 flayed ghosts
  12 ironbrand convokers
  6 lindwurms (Depths:5)
  7 orc knights
  3 phantasmal warriors
  2 spectral wolf spiders (Spider:4)
  4 deep elf archers
  9 harpies
  2 wolf spider zombies (Spider:4)
  9 necromancers
  A stone giant zombie (Depths:2)
  12 deep elf magi
  A shadow dragon skeleton (Depths:1)
  24 orb spiders
  An orb spider (shapeshifter) (Vaults:4)
  25 wolf spiders
  25 ugly things
  An oklob plant (Lair:2)
  A sphinx skeleton (Vaults:2)
  A frost giant zombie (Vaults:4)
  7 orc sorcerers
  3 fauns (Shoals:2)
  6 elephants (Lair:4)
  A tengu skeleton (Vaults:4)
  9 manticores
  4 moths of wrath
  9 cyclopes
  An elephant (shapeshifter) (Vaults:3)
  12 merfolk sirens
  2 fire giant skeletons (Vaults:2)
  3 torpor snails
  3 human skeletons (Vaults:2)
  2 frost giant skeletons
  2 gargoyles
  2 rust devils
  2 black mambas (Lair:6)
  Psyche (D:12)
  An orange demon (Depths:3)
  17 vault sentinels
  2 stone giant skeletons
  5 water nymphs
  A smoke demon (Depths:3)
  9 spiny frogs
  2 spiny frogs (shapeshifter)
  2 centaur zombies
  A guardian serpent (D:12)
  5 freezing wraiths
  A hellion (Depths:3)
  3 spriggan zombies
  A torpor snail (shapeshifter) (Vaults:4)
  5 spectral redbacks
  2 komodo dragons
  A redback zombie (Spider:4)
  2 rime drakes
  45 yaktaurs
  An ice devil (Depths:2)
  A yaktaur (shapeshifter) (D:13)
  2 komodo dragons (shapeshifter)
  15 demonic crawlers
  A yaktaur skeleton (Vaults:2)
  5 tengu conjurers
  32 jumping spiders
  A jumping spider (shapeshifter) (Vaults:1)
  12 hornets
  17 trolls
  A polar bear (Lair:4)
  17 merfolk
  5 spectral jumping spiders (Spider:4)
  8 wind drakes
  17 slime creatures
  A hippogriff (shapeshifter) (Vaults:4)
  2 jumping spider zombies (Spider:4)
  3 tarantella zombies (Spider:4)
  A dream sheep (shapeshifter) (Vaults:2)
  15 dream sheep
  10 blink frogs
  9 snapping turtles
  2 ettin skeletons
  11 hippogriffs
  3 wraiths
  A tarantella (shapeshifter) (Vaults:2)
  A redback (shapeshifter) (Depths:5)
  10 water elementals
  23 tarantellas
  A vampire (D:12)
  73 redbacks
  A shadow (D:14)
  6 wyverns
  A yak (shapeshifter) (Vaults:1)
  48 yaks
  Grum (D:9)
  A large abomination (Depths:1)
  3 fire elementals
  9 vampire mosquitoes
  2 basilisks
  A neqoxec (Depths:3)
  A chaos spawn (Depths:1)
  2 hungry ghosts
  5 wargs
  Menkaure (D:4)
  A small abomination (Depths:1)
  4 acid dragons
  An insubstantial wisp (Depths:1)
  A swamp worm (shapeshifter) (Depths:2)
  4 hell hounds (D:14)
  16 water moccasins
  A water moccasin (shapeshifter) (D:15)
  17 porcupines
  3 hornet zombies
  A deep troll skeleton (Vaults:4)
  3 swamp drakes (Depths:5)
  3 ice beasts
  3 sky beasts
  4 black bears
  26 orc warriors
  A spectral hornet (Spider:4)
  An ettin simulacrum (Vaults:3)
  3 phantoms
  A necrophage (D:12)
  A centaur (shapeshifter) (Depths:1)
  24 centaurs
  52 ogres
  21 boggarts
  26 wolves
  A wolf (shapeshifter) (Depths:2)
  2 orc skeletons (Vaults:2)
  6 big kobolds
  18 crocodiles
  28 bullfrogs
  A wyvern zombie (D:13)
  2 tengu simulacra
  5 scorpions
  2 water moccasin skeletons
  3 jellies
  11 wights
  8 killer bees
  4 howler monkeys
  4 electric eels
  11 crimson imps
  6 hounds
  5 centaur skeletons
  28 orc priests
  A quasit (D:5)
  44 orc wizards
  4 bullfrog skeletons
  6 iguanas
  11 worker ants
  A hell rat (Depths:1)
  3 hound skeletons
  16 adders
  2 adder zombies
  2 adder skeletons
  3 worms
  3 dart slugs
  7 leopard geckos
  82 orcs
  4 ball pythons
  12 bats
  7 giant cockroaches
  12 goblins
  9 hobgoblins
  6 jackals (D:1)
  7 quokkas
  6 frilled lizards
  A jackal skeleton (D:4)
  23 kobolds
  2 leopard gecko skeletons (D:6)
  A quokka zombie (D:4)
  3 rats (D:1)
  A rat zombie (D:4)
  A bush (Lair:5)
  3 fire vortices
  8 fungi
  8 plants
1881 creatures vanquished.

Vanquished Creatures (collateral kills)
  A draconian monk (Depths:5)
  2 very ugly things (Depths:3)
  A stone giant (Depths:3)
  A yaktaur captain (Vaults:2)
  A two-headed ogre (Depths:1)
  A human skeleton (Vaults:2)
  A hornet (Depths:1)
  2 ogres
  A bullfrog (D:11)
  A hound (D:11)
  An orc (Vaults:4)
  2 fungi (D:11)
  A plant (D:11)
16 creatures vanquished.

Vanquished Creatures (others)
  7 ball lightnings
  A yak (D:14)
  105 fire vortices
  25 fungi
  9 plants
  4 tentacles (Shoals:2)
151 creatures vanquished.

Grand Total: 2048 creatures vanquished

Notes
Turn   | Place    | Note
-------+----------+-------------------------------------------
     0 | D:1      | esteth the Deep Elf Fire Elementalist began the quest for the Orb.
     0 | D:1      | Reached XP level 1. HP: 10/10 MP: 6/6
   138 | D:1      | Reached XP level 2. HP: 15/15 MP: 4/8
   597 | D:1      | Reached XP level 3. HP: 17/19 MP: 4/9
  1611 | D:2      | Reached XP level 4. HP: 24/24 MP: 8/10
  2101 | D:2      | Reached skill level 5 in Conjurations
  2566 | D:3      | Found a blossoming altar of Fedhas.
  2601 | D:3      | Reached XP level 5. HP: 28/28 MP: 7/11
  2653 | D:3      | Found a shattered altar of Ashenzari.
  2736 | D:3      | Found an iron altar of Okawaru.
  3239 | D:4      | Noticed an ogre
  3253 | D:4      | Learned a level 4 spell: Sticky Flame
  3257 | D:4      | Killed an ogre
  3318 | D:4      | Found a blossoming altar of Fedhas.
  3335 | D:4      | Noticed a sky beast
  3346 | D:4      | Killed a sky beast
  3346 | D:4      | Reached XP level 6. HP: 32/32 MP: 6/12
  3412 | D:4      | Noticed Menkaure
  3432 | D:4      | Killed Menkaure
  3432 | D:4      | Reached skill level 5 in Fire Magic
  3432 | D:4      | Reached XP level 7. HP: 16/36 MP: 4/13
  3908 | D:4      | Learned a level 5 spell: Fireball
  4202 | D:4      | Found an opulent altar of Gozag.
  4254 | D:4      | Found a glowing golden altar of the Shining One.
  4636 | D:4      | Reached skill level 4 in Spellcasting
  4962 | D:4      | Reached skill level 5 in Spellcasting
  4962 | D:4      | Reached XP level 8. HP: 41/41 MP: 8/18
  5236 | D:5      | Entered Level 5 of the Dungeon
  5339 | D:4      | Reached skill level 6 in Spellcasting
  5711 | D:5      | Reached skill level 7 in Spellcasting
  5956 | D:5      | Reached skill level 8 in Spellcasting
  6169 | D:5      | Found an ornate altar of the Wu Jian Council.
  6176 | D:5      | Found a sparkling altar of Nemelex Xobeh.
  6266 | D:5      | Reached skill level 9 in Spellcasting
  6476 | D:5      | Found a hazy altar of Hepliaklqana.
  6536 | D:5      | Reached skill level 10 in Spellcasting
  6651 | D:6      | Reached XP level 9. HP: 45/45 MP: 14/25
  6850 | D:6      | Found a burning altar of Makhleb.
  6867 | D:6      | Reached skill level 11 in Spellcasting
  7230 | D:6      | Got a pair of smoking gloves
  7236 | D:6      | Identified the +2 pair of gloves of Jutan {rF+} (You found it on level 6 of the Dungeon)
  7336 | D:6      | Found an ancient bone altar of Kikubaaqudgha.
  7542 | D:6      | Reached skill level 12 in Spellcasting
  8152 | D:7      | Found a staircase to the Ecumenical Temple.
  8187 | Temple   | Entered the Ecumenical Temple
  8261 | Temple   | Became a worshipper of Vehumet
  8567 | D:7      | Found a deep blue altar of Sif Muna.
  8642 | D:7      | Found a white marble altar of Elyvilon.
  8686 | D:7      | Learned a level 2 spell: Slow
  8927 | D:7      | Found a stormy altar of Qazlal.
  9039 | D:7      | Reached skill level 10 in Conjurations
  9371 | D:7      | Reached XP level 10. HP: 25/50 MP: 2/28
  9720 | D:8      | Got a pair of spiked gloves
  9721 | D:8      | Identified the +2 pair of gloves of the Guardian {*Contam Regen+ Int+2} (You found it on level 8 of the Dungeon)
  9836 | D:8      | Reached * piety under Vehumet
  9836 | D:8      | Offered knowledge of Freeze by Vehumet.
 10059 | D:8      | Noticed a two-headed ogre
 10064 | D:8      | Killed a two-headed ogre
 10064 | D:8      | Reached skill level 13 in Spellcasting
 10071 | D:8      | Noticed a two-headed ogre
 10080 | D:8      | Killed a two-headed ogre
 10080 | D:8      | Reached skill level 14 in Spellcasting
 10639 | D:9      | Reached skill level 15 in Spellcasting
 10643 | D:10     | Entered Level 10 of the Dungeon
 10879 | D:9      | Learned a level 2 spell: Passwall
 11007 | D:9      | Noticed Grum
 11014 | D:9      | Killed Grum
 11017 | D:9      | Reached XP level 11. HP: 45/54 MP: 15/32
 11417 | D:9      | Offered knowledge of Shock by Vehumet.
 11417 | D:9      | Reached skill level 16 in Spellcasting
 11663 | D:10     | Reached ** piety under Vehumet
 11765 | D:10     | Noticed nht's ghost (journeyman HOGl)
 12053 | D:10     | Found a hide-covered altar of Uskayaw.
 12841 | D:11     | Found a sacrificial altar of Ru.
 12864 | D:11     | Reached skill level 1 in Fighting
 12911 | D:11     | Offered knowledge of Dazzling Spray by Vehumet.
 13033 | D:11     | Found a staircase to the Lair.
 13351 | D:11     | Found Arghukk's Antique Armour Emporium.
 13675 | D:11     | Found a staircase to the Orcish Mines.
 13991 | D:11     | Reached skill level 5 in Fighting
 14153 | D:8      | Reached *** piety under Vehumet
 14243 | D:7      | Identified Sif Muna's Collected Works on Stones
 14754 | D:11     | Noticed a three-headed hydra
 14928 | D:11     | Killed a three-headed hydra
 15101 | Lair:1   | Entered Level 1 of the Lair of Beasts
 15428 | Lair:1   | Reached XP level 12. HP: 72/72 MP: 26/34
 15723 | Lair:1   | Offered knowledge of Static Discharge by Vehumet.
 16200 | Lair:2   | Noticed Erica
 16208 | Lair:2   | Killed Erica
 16309 | Lair:2   | Noticed a catoblepas
 16320 | Lair:2   | Killed a catoblepas
 16331 | Lair:2   | Reached skill level 10 in Fire Magic
 16338 | Lair:2   | Noticed Gastronok
 16481 | Lair:2   | Noticed bosm's ghost (journeyman DsGl)
 16556 | Lair:2   | Noticed Harold
 16562 | Lair:2   | Killed Harold
 16562 | Lair:2   | Reached **** piety under Vehumet
 16768 | Lair:2   | Killed Gastronok
 17714 | Lair:3   | Offered knowledge of Lightning Bolt by Vehumet.
 17786 | Lair:3   | Learned a level 5 spell: Lightning Bolt
 17964 | Lair:3   | Reached skill level 1 in Air Magic
 17964 | Lair:3   | Reached XP level 13. HP: 76/76 MP: 29/35
 18164 | Lair:3   | Found a hole to the Spider Nest.
 18690 | Lair:4   | Reached skill level 1 in Hexes
 19023 | Lair:4   | Found a staircase to the Shoals.
 19484 | Lair:5   | Reached skill level 5 in Hexes
 19498 | Lair:5   | Noticed WereVolvo's ghost (journeyman MiFi)
 19511 | Lair:6   | Entered Level 6 of the Lair of Beasts
 19938 | Lair:4   | HP: 2/76 [spiny frog (4)]
 20290 | Lair:5   | Reached skill level 10 in Hexes
 20397 | Lair:6   | Reached ***** piety under Vehumet
 20513 | Lair:6   | Offered knowledge of Orb of Destruction by Vehumet.
 20522 | Lair:6   | Learned a level 7 spell: Orb of Destruction
 21491 | Lair:5   | Killed WereVolvo's ghost
 21682 | Lair:5   | Reached skill level 17 in Spellcasting
 21747 | Lair:5   | Found a staircase to the Slime Pits.
 21775 | Lair:5   | Reached XP level 14. HP: 82/82 MP: 33/37
 22019 | Lair:2   | Killed bosm's ghost
 22736 | Orc:1    | Entered Level 1 of the Orcish Mines
 23184 | Orc:2    | Entered Level 2 of the Orcish Mines
 23386 | Orc:2    | Noticed Erolcha
 23387 | Orc:2    | Killed Erolcha
 23739 | Orc:2    | Reached skill level 18 in Spellcasting
 24520 | Orc:2    | Found Marynlua's Gadget Boutique.
 24520 | Orc:2    | Found Bilashri's Antique Weapon Boutique.
 24520 | Orc:2    | Found Hommem's Assorted Antiques.
 24523 | Orc:2    | Found Foamon's Assorted Antiques.
 24748 | Orc:2    | Found a staircase to the Elven Halls.
 25596 | D:12     | Noticed Psyche
 25598 | D:12     | Killed Psyche
 26146 | D:13     | Found a gate to the Vaults.
 26152 | D:13     | Reached skill level 5 in Dodging
 27051 | D:14     | Offered knowledge of Spellforged Servitor by Vehumet.
 27058 | D:14     | Noticed Azrael
 27089 | D:13     | You fall through a shaft for 2 floors!
 27089 | D:15     | Entered Level 15 of the Dungeon
 27107 | D:15     | Gained mutation: You are partially covered in rugged brown scales. (AC +1, +3% HP) [potion of mutation]
 27107 | D:15     | Gained mutation: Your muscles are strong. (Str +2) [potion of mutation]
 27107 | D:15     | Gained mutation: You are clumsy. (Dex -2) [potion of mutation]
 27107 | D:15     | Gained mutation: You are partially covered in thin metallic scales. (AC +2) [potion of mutation]
 27464 | D:15     | Reached skill level 19 in Spellcasting
 27571 | D:15     | Reached ****** piety under Vehumet
 27571 | D:15     | Reached XP level 15. HP: 88/88 MP: 25/40
 28138 | D:15     | Found a staircase to the Depths.
 28221 | D:15     | Got a twitching granite ring
 28223 | D:15     | Identified the ring "Nady" {Fire *Slow +Fly rN+} (You found it on level 15 of the Dungeon)
 28535 | D:14     | Killed Azrael
 28535 | D:14     | Reached skill level 20 in Spellcasting
 28626 | D:14     | Noticed Sonja
 28626 | D:14     | Killed Sonja
 28863 | D:14     | Found a shadowy altar of Dithmenos.
 29570 | Spider:1 | Entered Level 1 of the Spider Nest
 29819 | Spider:1 | Offered knowledge of Conjure Ball Lightning by Vehumet.
 29875 | Spider:1 | Noticed Rupert
 29878 | Spider:1 | Killed Rupert
 29878 | Spider:1 | Reached skill level 21 in Spellcasting
 30017 | Spider:1 | Learned a level 6 spell: Conjure Ball Lightning
 30599 | Spider:1 | Learned a level 8 spell: Controlled Blink
 30628 | Spider:1 | Reached skill level 1 in Translocations
 31012 | Spider:2 | Noticed Arachne
 31107 | Spider:2 | Reached skill level 5 in Translocations
 31244 | Spider:2 | Killed Arachne
 31681 | Spider:2 | Reached XP level 16. HP: 94/94 MP: 37/43
 32189 | Spider:2 | Learned a level 1 spell: Summon Butterflies
 32829 | Spider:3 | Offered knowledge of Poison Arrow by Vehumet.
 32838 | Spider:3 | Learned a level 6 spell: Poison Arrow
 33516 | Spider:4 | Entered Level 4 of the Spider Nest
 33517 | Spider:4 | Reached skill level 10 in Translocations
 34957 | Spider:4 | Reached XP level 17. HP: 98/98 MP: 38/44
 35483 | Spider:4 | HP: 4/98 [ghost moth (11)]
 35839 | Spider:4 | Offered knowledge of Ozocubu's Refrigeration by Vehumet.
 36145 | Spider:4 | Reached skill level 15 in Translocations
 36610 | Spider:4 | Got a gossamer rune of Zot
 36881 | Spider:1 | Reached XP level 18. HP: 104/104 MP: 29/45
 37228 | Shoals:1 | Entered Level 1 of the Shoals
 37668 | Shoals:1 | Offered knowledge of Bolt of Fire by Vehumet.
 37691 | Shoals:1 | Learned a level 6 spell: Bolt of Fire
 37794 | Shoals:1 | Found Juarug's Food Shop.
 38552 | Shoals:2 | Upgraded the game from 0.20-a0-820-g557356e to 0.20-a0-823-gdec668e
 40217 | Shoals:4 | Entered Level 4 of the Shoals
 40380 | Shoals:4 | Reached skill level 15 in Conjurations
 40949 | Shoals:4 | Noticed Ilsuiw
 41036 | Shoals:4 | Killed Ilsuiw
 41298 | Shoals:4 | Offered knowledge of Bolt of Cold by Vehumet.
 41637 | Shoals:4 | Got a barnacled rune of Zot
 42130 | Vaults:1 | Entered Level 1 of the Vaults
 42175 | Vaults:1 | Found Wuats's Jewellery Boutique.
 42691 | Vaults:1 | Reached XP level 19. HP: 108/108 MP: 35/46
 42987 | Vaults:1 | Noticed Jorgrun
 42992 | Vaults:1 | Killed Jorgrun
 43081 | Vaults:1 | Got a sparkling golden amulet
 43086 | Vaults:1 | Identified the amulet of Itab {Faith Int+3} (You found it on level 1 of the Vaults)
 43154 | Vaults:1 | Offered knowledge of Fire Storm by Vehumet.
 43154 | Vaults:1 | Offered knowledge of Chain Lightning by Vehumet.
 43154 | Vaults:1 | Offered knowledge of Ignition by Vehumet.
 43159 | Vaults:1 | Noticed a Brimstone Fiend
 43319 | Vaults:1 | Learned a level 8 spell: Ignition
 43329 | Vaults:1 | Learned a level 9 spell: Fire Storm
 44434 | Vaults:2 | Identified a scroll of acquirement
 44435 | Vaults:2 | Got a shimmering ring mail
 44702 | Vaults:2 | Reached skill level 15 in Fire Magic
 45853 | Vaults:3 | Noticed Boris
 45990 | Vaults:3 | Killed Boris
 46133 | Vaults:3 | Reached XP level 20. HP: 114/114 MP: 9/47
 48822 | Vaults:4 | Reached skill level 22 in Spellcasting
 49865 | Depths:1 | Entered Level 1 of the Depths
 50127 | Depths:1 | Reached skill level 23 in Spellcasting
 50205 | Depths:1 | Reached XP level 21. HP: 103/118 MP: 29/50
 50335 | Depths:1 | Noticed Nikola
 50343 | Depths:1 | Killed Nikola
 50502 | Depths:1 | Found a gateway to Hell.
 50552 | Depths:1 | Found a one-way gate to the infinite horrors of the Abyss.
 51021 | Depths:1 | Found a runed gate.
 51021 | Depths:1 | Found a runed gate.
 51021 | Depths:1 | Found a runed gate.
 51046 | Depths:1 | Reached skill level 24 in Spellcasting
 52383 | Depths:2 | Found Kuepnih's Distillery.
 52388 | Depths:2 | Reached skill level 25 in Spellcasting
 52491 | Depths:2 | Learned a level 7 spell: Ring of Flames
 52507 | Depths:2 | Noticed Margery
 52524 | Depths:2 | Killed Margery
 53172 | Depths:2 | Reached skill level 26 in Spellcasting
 53208 | Depths:2 | Paralysed by a great orb of eyes for 4 turns
 54008 | Depths:2 | Reached XP level 22. HP: 123/123 MP: 53/54
 54317 | Depths:3 | Noticed Frederick
 54790 | Depths:3 | Reached skill level 27 in Spellcasting
 54793 | Depths:3 | Found a gateway to a ziggurat.
 55136 | Depths:3 | Killed Frederick
 55416 | Depths:3 | Noticed Mennas
 55688 | Depths:3 | Found a one-way gate leading to the halls of Pandemonium.
 56163 | Depths:4 | Noticed a juggernaut
 56167 | Depths:4 | Killed a juggernaut
 56327 | Depths:4 | Noticed a golden dragon
 56331 | Depths:4 | Killed a golden dragon
 57255 | Depths:4 | Reached XP level 23. HP: 127/127 MP: 36/56
 57820 | Depths:4 | Identified the Tome of Dusty Augmentations
 57862 | Depths:4 | Identified the Compendium of the Displaced Birds
 57920 | Depths:5 | Entered Level 5 of the Depths
 58346 | Depths:5 | Found Yxu Sux's Jewellery Boutique.
 58350 | Depths:5 | Found Buall's Gadget Emporium.
 58351 | Depths:5 | Found Duup's Jewellery Boutique.
 58357 | Depths:5 | Bought a +5 ring of intelligence for 535 gold pieces
 58507 | Depths:5 | Reached skill level 1 in Armour
 59117 | Depths:5 | Reached skill level 5 in Armour
 59794 | Depths:5 | Found a gate to the Realm of Zot.
 59804 | Depths:5 | Identified Qutonusa's Almanac of Toxic Attacks
 59845 | Depths:5 | Identified Sif Muna's Compendium of Enchanting Flight
 60758 | Vaults:2 | Found a staircase to the Crypt.
 60869 | Vaults:5 | Entered Level 5 of the Vaults
 60878 | Vaults:5 | Noticed an ancient lich
 60994 | Vaults:5 | HP: 3/127 [frost giant/bolt of cold (15)]
 60994 | Vaults:5 | Mangled by a dire flail of protection

Vault maps used:
D:1:      dpeg_arrival_solitude
D:2:      roderic_lattice_a, minmay_domino_4
D:3:      okawaru_gym_becter, lemuel_doored_altar, lemuel_crystal_altar,
          minmay_misc_feat_ornament, lemuel_old_faithful
D:4:      cheibrodos_thug_alley, marbit_many_paths, tso_altar, enter_ossuary_4,
          first_bread, minmay_ruined_shrine, uniq_menkaure
D:5:      lemuel_coloured_pillars_altar, overflow_temple_1_default,
          lemuel_crystal_altar, grunt_ministairs_2, kennysheep_generic_room_8
D:6:      kiku_gazebo_garden_becter, bloody_makhleb
D:7:      led_sif_book, nicolae_qazlal_eye_of_the_storm, elyvilon_altar_5,
          minmay_temple_entry_grid
D:9:      uniq_grum
D:10:     basic_altar
D:11:     due_lair_maze_entry_diamond, orc_0_dummy, serial_shops,
          nicolae_shop_waterfront, serial_column_ruins, column_ruins_grid_4,
          column_ruins_columns_straight, column_ruins_open_medium,
          column_ruins_corridor_straight, column_ruins_grid_1, basic_altar,
          hangedman_ranch
D:12:     minmay_cornered_nines, nrook_guardian_serpent_double, uniq_psyche
D:13:     lightli_vaults_fourway_checkpoint
D:14:     grunt_dithmenos_shadows, uniq_sonja, uniq_azrael
D:15:     hangedman_depths_entry_civil_slaughter,
          portal_ice_cave_entry_pillars_2, kennysheep_doodads, spider_trap
Temple:   compressed_dpeg_triangle_lava_temple
Lair:2:   beast_lair_carwin_2, minmay_lair_oklob_chamber,
          infiniplex_staircase_pool, uniq_harold, uniq_erica, uniq_gastronok
Lair:3:   spider_nest_entry_funnel_web
Lair:4:   elwin_shoals_entry_rocks
Lair:5:   minmay_slime_entry_oklob_open, grunt_megastairs_4
Lair:6:   due_jungle_book
Shoals:1: serial_shops, shop_coins
Shoals:2: nicolae_shoals_so_close
Shoals:4: shoals_end_grunt_ice, shoal_ilsuiw
Spider:1: uniq_rupert
Spider:2: nicolae_spider_circle_web, uniq_arachne
Spider:3: einodemon_crawler_minivault
Spider:4: floodkiller_spider_rune_tomb, guppyfry_spider_mini_2
Orc:2:    st_orc_mages, uniq_erolcha
Vaults:1: v_alt_pattern_6, nicolae_vaults_three_branches, vaults_room_corners,
          v_pattern_4, v_misc_5, nicolae_vaults_little_ls, vaults_mumra_hexcomb,
          grunt_vaults_bifocal, nicolae_vaults_little_squares_1,
          hangedman_vaults_corner_blocks, ontoclasm_vaults_misaligned,
          nicolae_vaults_theta, nicolae_vaults_octagons, serial_shops,
          nicolae_shop_crystal, uniq_jorgrun
Vaults:2: v_alt_pattern_2, hangedman_vaults_snaps,
          minmay_crypt_entry_skeletal_spiral, v_alt_pattern_4, v_alt_pattern_3,
          vaults_room_stairs_pillars
Vaults:3: st_star, hangedman_vaults_corner_blocks, nicolae_vaults_alarming,
          ontoclasm_vaults_hangar, ontoclasm_vaults_chip,
          vaults_standard_mumra_lines, ontoclasm_vaults_chip, uniq_boris
Vaults:4: vaults_standard_mumra_x, nicolae_vaults_what_the_h,
          hangedman_vaults_hat, ontoclasm_vaults_eye, vaults_room_octagon,
          ontoclasm_vaults_bender, v_alt_pattern_1,
          ontoclasm_vaults_water_temple, nicolae_vaults_mini_display_case,
          nicolae_vaults_little_squares_4, hangedman_vaults_stagger,
          grunt_vaults_diagonal
Vaults:5: serial_shops
Depths:1: abyss_entry, hell_entry, nicolae_benzene_ring, pandoras_box_mu,
          uniq_nikola
Depths:2: kennysheep_cluttered_fort, hex_medium, serial_shops,
          nicolae_shop_trees, grunt_metal_band, serial_sigils_hangedman_scratch,
          spider_trap, grunt_megastairs_3
Depths:3: evilmike_silver_temple, enter_ziggurat_d, serial_sigils,
          serial_sigils_hangedman_leer, serial_sigils_hangedman_quiver,
          serial_sigils_hangedman_stare, serial_sigils_hangedman_carve,
          serial_sigils_hangedman_shear, rand_demon_pan_entry_7,
          hangedman_coc_ice_floe, corexii_leaking_fountain, uniq_frederick
Depths:4: kennysheep_ambush_hall, hell_entry, abyss_entry_crystal,
          hangedman_abyss_or_decor_slice, minmay_multi_spiral,
          minmay_staircase_bubble, uniq_margery
Depths:5: lemuel_castle_with_subvaults, grunt_hell_entry_dis_mu,
          minmay_misc_feat_square, minmay_shop_grove

Skill      XL: |  1  2  3  4  5  6  7  8  9 10 11 12 13 14 15 16 17 18 19 20 21 22 23 |
---------------+----------------------------------------------------------------------+-----
Conjurations   | 2 3 4 5 7 10 12 13 17 18 | 18.5
Fire Magic     | 5 7 12 16 19 22 | 22.5
Spellcasting   | 5 10 12 15 16 17 19 21 23 26 27 | 27.0
Fighting       | 7 |  7.2
Air Magic      | 1 3 |  3.0
Hexes          | 11 | 11.1
Dodging        | 8 |  8.5
Translocations | 7 13 15 16 | 16.2
Armour         | 9 |  9.8
Stealth        | |  2.4

Action                   |  1- 3 |  4- 6 |  7- 9 | 10-12 | 13-15 | 16-18 | 19-21 | 22-24 || total
-------------------------+-------+-------+-------+-------+-------+-------+-------+-------++-------
Melee: Spear             |    16 |    20 |   105 |    20 |       |       |       |       ||   161
       Staff             |       |       |     6 |     4 |     6 |     4 |     1 |       ||    21
 Cast: Flame Tongue      |    58 |    80 |   287 |   281 |   173 |     9 |       |     2 ||   890
       Sticky Flame      |       |     3 |    38 |    59 |    49 |    28 |     3 |       ||   180
       Fireball          |       |       |     6 |   112 |   377 |   369 |   264 |     8 ||  1136
       Passwall          |       |       |       |     4 |       |       |       |       ||     4
       Lightning Bolt    |       |       |       |       |    15 |     1 |       |       ||    16
       Slow              |       |       |       |       |     1 |       |       |       ||     1
       Orb of Destructio |       |       |       |       |    21 |    15 |    52 |    74 ||   162
       Conjure Ball Ligh |       |       |       |       |     1 |     1 |       |       ||     2
       Poison Arrow      |       |       |       |       |       |    26 |       |       ||    26
       Summon Butterflie |       |       |       |       |       |     1 |     2 |       ||     3
       Bolt of Fire      |       |       |       |       |       |    64 |   322 |   191 ||   577
       Controlled Blink  |       |       |       |       |       |       |    11 |     5 ||    16
       Ignition          |       |       |       |       |       |       |     6 |     6 ||    12
       Fire Storm        |       |       |       |       |       |       |    11 |    69 ||    80
       Ring of Flames    |       |       |       |       |       |       |     2 |    12 ||    14
Evoke: Wand              |       |       |       |       |     1 |       |       |       ||     1
  Use: Potion            |     2 |     2 |       |     6 |    10 |     7 |     1 |     4 ||    32
       Scroll            |       |       |     6 |    12 |     8 |     9 |    15 |     3 ||    53
 Stab: Sleeping          |     1 |       |       |       |       |       |       |       ||     1
  Eat: Chunk             |     2 |     6 |    16 |    27 |    34 |    16 |    27 |    18 ||   146
       Bread ration      |       |       |     1 |       |     1 |     2 |     1 |     1 ||     6
       Royal jelly       |       |       |       |       |     3 |     2 |     1 |     1 ||     7
       Fruit             |       |       |       |       |       |     7 |     3 |       ||    10
Armor: Robe              |     2 |    12 |    60 |    37 |    51 |    80 |    13 |    11 ||   266
       Skin              |       |       |       |       |     1 |       |       |       ||     1
Dodge: Dodged            |    37 |    30 |   155 |    75 |   131 |   175 |    70 |    37 ||   710
